 Dungeon Crawl Stone Soup version 0.28-a0-662-g1651b1f1e0 (webtiles) character file.

Game seed: 11219620816022101806

19 ytrimaz the Cudgeller (level 2, 0/27 HPs)
             Began as a Minotaur Berserker on Oct 14, 2021.
             Was a Follower of Trog.
             Succumbed to a goblin's poison
             ... on level 1 of the Dungeon.
             The game lasted 00:01:01 (689 turns).

ytrimaz the Cudgeller (Minotaur Berserker)           Turns: 689, Time: 00:01:01

Health: 0/27       AC:  8    Str: 21    XL:     2   Next: 55%
Magic:  1/1        EV:  8    Int:  4    God:    Trog [*.....]
Gold:   9          SH:  0    Dex:  9    Spells: 1/1 levels left

rFire   . . .      SeeInvis .   a - +0 mace
rCold   . . .      Faith    .   (no shield)
rNeg    . . .      Spirit   .   c - +0 chain mail
rPois   .          Reflect  .   (helmet restricted)
rElec   .          Harm     .   (no cloak)
rCorr   .          Rampage  .   (no gloves)
Will    .....                   (no boots)
Stlth   ..........              (no amulet)
HPRegen 0.09/turn               (no ring)
MPRegen 0.07/turn               (no ring)

@: lethally poisoned (0 -> -3)
A: horns 2, retaliatory headbutt
a: Renounce Religion, Berserk


You were on level 1 of the Dungeon.
You worshipped Trog.
Trog was aware of your devotion.
You visited 1 branch of the dungeon, and saw 1 of its levels.

You collected 9 gold pieces.

Inventory:

Hand Weapons
 a - a +0 mace (weapon)
Armour
 c - a +0 chain mail (worn)


   Skills:
 * Level 4.1 Fighting
 * Level 4.2 Maces & Flails
 * Level 2.6 Armour
 - Level 2.1 Dodging


You had one spell level left.
You didn't know any spells.
Your spell library was empty.

Dungeon Overview and Level Annotations

Branches:
Dungeon (1/15)

Altars:

Shops:
D:1 [


Innate Abilities, Weirdness & Mutations

You have a pair of horns on your head.
You reflexively headbutt those who attack you in melee.


Message History

You kill the frilled lizard!
Trog accepts your kill. The goblin hits you but does no damage.
You barely miss the rat. You headbutt the rat.
You kill the rat!
Trog accepts your kill.
You feel very sick. The goblin hits you but does no damage.
The ball python bites you but does no damage.
The ball python grabs you. The ball python constricts you.
You sock the ball python!
You kill the ball python!
Trog accepts your kill.
* * * LOW HITPOINT WARNING * * *
You feel very sick. The goblin barely misses you.
* * * LOW HITPOINT WARNING * * *
You feel sick. The goblin barely misses you. You furiously retaliate!
You headbutt the goblin.
You kill the goblin!
Trog accepts your kill.
The kobold throws a stone.
The stone hits you but does no damage.
Items here: ( ) ††††.
* * * LOW HITPOINT WARNING * * *
You feel sick.
The kobold throws a stone.
The stone closely misses you.
Things that are here:
a +1 dagger of venom; 15 gold pieces You aren't carrying any potions.
You aren't carrying any potions.
You aren't carrying any scrolls.
Okay, then.
Found a scroll labelled RIKKOA KUONUOL.
* * * LOW HITPOINT WARNING * * *
You feel sick.
You hit the kobold.
You kill the kobold!
Trog accepts your kill.
* * * LOW HITPOINT WARNING * * *
You feel sick.
You die...

#............###....#
.###.#.#.#.#.)#.)...##
.....................#
.....#.#.#.#†...#.##.#
................#....###
.....#.#.#.#..))........
.###..........#)......#
.# ######.#...#....#..#
.# .........@.## .. .#
.........##.# .#
........# ... .#
........ ...# ## #####..
....# #. ?#.## ##.. .##


There were no monsters in sight!

Vanquished Creatures
  3 bats (D:1)
  4 endoplasms (D:1)
  3 goblins (D:1)
  A quokka (D:1)
  A ball python (D:1)
  2 frilled lizards (D:1)
  4 kobolds (D:1)
  2 rats (D:1)
20 creatures vanquished.

Vanquished Creatures (others)
  A frilled lizard (D:1)
1 creature vanquished.

Grand Total: 21 creatures vanquished

Notes
Turn   | Place    | Note
-------+----------+-------------------------------------------
     0 | D:1      | ytrimaz the Minotaur Berserker began the quest for the Orb.
     0 | D:1      | Reached XP level 1. HP: 19/19 MP: 0/0
    83 | D:1      | Found a faded altar of an unknown god.
   435 | D:1      | Found Aledu's Armour Emporium.
   555 | D:1      | Reached XP level 2. HP: 20/27 MP: 1/1
   688 | D:1      | HP: 1/27 [poisoned by a goblin]
   689 | D:1      | Succumbed to a goblin's poison

Illustrated notes

Levels and vault maps discovered:
D:1:      eino_arrival_cavern_a, layout_basic,
          hellmonk_ecumenical_altar_slurped_away, serial_shops, shop,
          serial_glass, glass_columns_c, glass_columns_a, item_on_display_a,
          item_on_display_a, minmay_hexomino_u4

Skill      XL: |  1 |
---------------+----+-----
Fighting       | 4 |  4.1
Maces & Flails | 4 |  4.2
Armour         | |  2.6
Dodging        | |  2.1

Action                   || total
-------------------------++-------
Melee: Mace              ||    29
       Headbutt          ||     5
Armor: Animal skin       ||     3
       Chain mail        ||    19
Dodge: Dodged            ||    19

Table legend: (Time is in decaauts)
 A = Elapsed time spent in this place.
 B = Non-inter-level travel time spent in this place.
 C = Inter-level travel time spent in this place.
 D = Time resting spent in this place.
 E = Time spent auto-exploring this place.
 F = Levels seen in this place.
 G = Mean time per level.
                   A        B        C        D        E       F      G
               +--------+--------+--------+--------+--------+-----+--------+
         Total |    695 |    695 |      0 |      0 |    561 |   1 |  695.0 |
       Dungeon |    695 |    695 |      0 |      0 |    561 |   1 |  695.0 |
               +--------+--------+--------+--------+--------+-----+--------+

Top non-repeatable levels by time:
     D:1: 695 daAuts
